 Dungeon Crawl Stone Soup version 0.29-a0-360-g8ed1089bbe (webtiles) character file.

Game seed: 7078316254815821756

96 dolemite99 the Bolt Thrower (level 4, -2/39 HPs)
             Began as a Naga Hunter on Apr 29, 2022.
             Was a Priest of Fedhas.
             Slain by Robin
             ... wielding a +0 short sword
              (3 damage)
             ... on level 3 of the Dungeon.
             The game lasted 00:02:59 (1926 turns).

dolemite99 the Bolt Thrower (Naga Hunter)           Turns: 1926, Time: 00:03:00

Health: -2/39      AC:  4    Str: 16    XL:     4   Next: 67%
Magic:  0/4        EV:  8    Int:  9    God:    Fedhas [***...]
Gold:   146        SH:  0    Dex: 14    Spells: 3/3 levels left

rFire   + . .      SeeInvis +   a - +1 hand crossbow
rCold   + . .      Faith    .   (no shield)
rNeg    . . .      Spirit   +   d - +0 ring mail
rPois   +          Reflect  .   (no helmet)
rElec   +          Harm     .   (no cloak)
rCorr   +          Rampage  .   g - +0 pair of gloves
Will    .....                   (no barding)
Stlth   +.........              n - amulet of guardian spirit
HPRegen 0.13/turn               (no ring)
MPRegen 0.09/turn               (no ring)

@: brilliant, resistant, hasted, quick
A: AC +1, large, see invisible, deformed body, poison resistance, slowness 2,
spit poison 1, naga tail 1
a: Spit Poison, Renounce Religion, Wall of Briars, Grow Ballistomycete


You were on level 3 of the Dungeon.
You worshipped Fedhas.
Fedhas was most pleased with you.
You visited 1 branch of the dungeon, and saw 3 of its levels.

You collected 146 gold pieces.

Inventory:

Hand Weapons
 a - a +1 hand crossbow (weapon)
 p - a +2 antimagic rapier
Missiles
 e - 101 stones
 h - 12 poisoned darts
Armour
 b - a +0 leather armour
 d - a +0 ring mail (worn)
 g - a +0 pair of gloves (worn)
Jewellery
 n - an amulet of guardian spirit (around neck)
Scrolls
 c - a scroll of immolation
 f - 2 scrolls of magic mapping {unknown}
 j - 2 scrolls of amnesia {unknown}
 l - 2 scrolls of teleportation {unknown}
 o - a scroll of enchant weapon {unknown}


   Skills:
 - Level 2.0 Fighting
 + Level 5.4 Crossbows
 - Level 1.5 Dodging
 - Level 1.5 Stealth


You had 3 spell levels left.
You didn't know any spells.
Your spell library contained the following spells:

 Spells                   Type           Power      Damage    Failure   Level
 Blink                    Tloc           0%         N/A       75%         2
 Manifold Assault         Tloc           0%         N/A       100%        5
 Storm Form               Tmut/Air       0%         N/A       100%        7


Dungeon Overview and Level Annotations

Branches:
Dungeon (3/15)

Altars:
Fedhas

Annotations:
D:3 Robin


Innate Abilities, Weirdness & Mutations

Your serpentine skin is tough. (AC +1)
You have supernaturally acute eyesight. (SInv)
Armour fits poorly on your strangely shaped body.
Your system is resistant to poisons. (rPois)
You cover ground very slowly.
You can spit poison.
You have a snake-like lower body.


Message History

You shoot a bolt. The goblin shouts!
The bolt hits Robin but does no damage.
The goblin hits you with a +0 dagger.
* * * LOW HITPOINT WARNING * * *
Robin hits you with a +0 short sword.
* * * LOW HITPOINT WARNING * * *
Shoot: a) +1 hand crossbow
Press: ? - help, Shift-Dir - straight line, f/p - Robin
Aim: Robin, wielding a +0 short sword, wearing a +0 animal skin and wearing a +0 helmet (71% to hit)
You shoot a bolt. The bolt barely misses Robin.
The bolt completely misses the hobgoblin.
The goblin no longer looks unusually strong.
The goblin hits you but does no damage. Robin hits you but does no damage.
Shoot: a) +1 hand crossbow
Press: ? - help, Shift-Dir - straight line, f/p - Robin
Aim: Robin, wielding a +0 short sword, wearing a +0 animal skin and wearing a +0 helmet (71% to hit)
You shoot a bolt. The bolt hits Robin but does no damage.
The goblin hits you with a +0 dagger.
* * * LOW HITPOINT WARNING * * *
Robin roars a battlecry!
The goblins go into a battle-frenzy!
Shoot: a) +1 hand crossbow
Press: ? - help, Shift-Dir - straight line, f/p - Robin
Aim: Robin, wielding a +0 short sword, wearing a +0 animal skin and wearing a +0 helmet (71% to hit)
You shoot a bolt. The bolt hits Robin but does no damage.
Robin hits you but does no damage. The goblin closely misses you.
Shoot: a) +1 hand crossbow
Press: ? - help, Shift-Dir - straight line, f/p - Robin
Aim: Robin, wielding a +0 short sword, wearing a +0 animal skin and wearing a +0 helmet (71% to hit)
You shoot a bolt. The bolt hits Robin.
Robin is lightly wounded.
Robin hits you but does no damage. The goblin hits you but does no damage.
Shoot: a) +1 hand crossbow
Press: ? - help, Shift-Dir - straight line, f/p - Robin
Aim: Robin, wielding a +0 short sword, wearing a +0 animal skin and wearing a +0 helmet (lightly wounded, 71% to hit)
You shoot a bolt. The bolt hits Robin.
Robin is moderately wounded.
Robin hits you with a +0 short sword.
You die...
Fedhas appreciates your contribution to the ecosystem.

...$..# .g# ####..#
..# #.....#
#g###.##...
#...h.....
######..#...†.#
#.............
#####.)...##)#
#.g@gg....##.#####
#.#####..........#
# ####.).<.......#
#..............#
.....###..........#
#### #........<.#
#..........#
############


You could see Robin, a jackal, a hobgoblin (strong) and a goblin (strong).

Vanquished Creatures
  An adder (D:2)
  3 dart slugs
  7 ball pythons
  4 bats (D:2)
  7 endoplasms
  4 giant cockroaches (D:1)
  6 goblins
  9 hobgoblins
  7 jackals
  6 kobolds
  5 quokkas
  6 frilled lizards
  7 rats
72 creatures vanquished.

Notes
Turn   | Place    | Note
-------+----------+-------------------------------------------
     0 | D:1      | dolemite99 the Naga Hunter began the quest for the Orb.
     0 | D:1      | Reached XP level 1. HP: 19/19 MP: 1/1
   237 | D:1      | Found a faded altar of an unknown god.
   267 | D:1      | Prayed at the altar of an unknown god.
   267 | D:1      | Became a worshipper of Fedhas Madash
   267 | D:1      | Reached * piety under Fedhas
   309 | D:1      | Reached skill level 4 in Crossbows
   309 | D:1      | Reached XP level 2. HP: 26/26 MP: 2/2
   462 | D:1      | Reached XP level 3. HP: 27/32 MP: 3/3
   527 | D:1      | Reached ** piety under Fedhas
  1279 | D:2      | Reached skill level 5 in Crossbows
  1279 | D:2      | Reached XP level 4. HP: 39/39 MP: 4/4
  1428 | D:2      | Reached *** piety under Fedhas
  1904 | D:3      | Noticed Robin
  1923 | D:3      | HP: 1/39 [goblin/+0 dagger[Robin] (1)]
  1926 | D:3      | Slain by Robin

Illustrated notes

Levels and vault maps discovered:
D:1:      amcnicky_arrival_double_pillar, layout_loops_ring,
          hellmonk_ecumenical_altar_lost_god, minmay_surrounded
D:2:      layout_basic
D:3:      layout_rooms, portal_sewer_entry_d, chequers_arboretum,
          hangedman_decor_lopped, uniq_natasha, uniq_crazy_yiuf_cottage,
          uniq_robin

Skill      XL: |  1  2  3 |
---------------+----------+-----
Crossbows      | 4 5 |  5.4
Fighting       | |  2.0
Dodging        | |  1.5
Stealth        | |  1.5

Action                   |  1- 3 |  4- 6 || total
-------------------------+-------+-------++-------
 Fire: Hand crossbow     |   125 |    79 ||   204
  Use: Potion            |       |     3 ||     3
Armor: Leather armour    |     1 |       ||     1
       Ring mail         |    23 |    22 ||    45
Dodge: Dodged            |    25 |    25 ||    50

Table legend: (Time is in decaauts)
 A = Elapsed time spent in this place.
 B = Non-inter-level travel time spent in this place.
 C = Inter-level travel time spent in this place.
 D = Time resting spent in this place.
 E = Time spent auto-exploring this place.
 F = Levels seen in this place.
 G = Mean time per level.
                   A        B        C        D        E       F      G
               +--------+--------+--------+--------+--------+-----+--------+
         Total |   2476 |   2306 |    170 |    180 |   1589 |   3 |  825.3 |
       Dungeon |   2476 |   2306 |    170 |    180 |   1589 |   3 |  825.3 |
               +--------+--------+--------+--------+--------+-----+--------+

Top non-repeatable levels by time:
     D:1: 1401 daAuts
     D:2: 979 daAuts
     D:3: 95 daAuts
